 Dungeon Crawl Stone Soup version 0.25.1-2-g60ff931df9 (webtiles) character file.

Game seed: 17638367065608653606

4215 RUZZLEFAZAZZLE the Ruffian (level 10, -2/98 HPs)
             Began as a Troll Monk on Aug 26, 2020.
             Was a High Priest of Okawaru.
             Slain by an unseen horror (7 damage)
             ... on level 7 of the Dungeon.
             The game lasted 00:16:48 (5274 turns).

RUZZLEFAZAZZLE the Ruffian (Troll Monk)             Turns: 5274, Time: 00:16:49

Health: -2/98      AC:  7    Str: 24    XL:     10   Next: 9%
Magic:  0/12       EV:  7    Int:  6    God:    Okawaru [*****.]
Gold:   353        SH: 12    Dex: 12    Spells: 9/9 levels left

rFire    + . .     SeeInvis .     - Unarmed
rCold    + . .     Gourm    +   u - +0 tower shield {rC+}
rNeg     . . .     Faith    .   a - +1 robe
rPois    .         Spirit   +   (helmet restricted)
rElec    .         Reflect  .   (no cloak)
rCorr    .         Harm     .   (gloves unavailable)
MR       +....                  (boots unavailable)
Stlth    ++........             w - amulet of guardian spirit
HPRegen  0.66/turn              f - ring of protection from magic
MPRegen  0.13/turn              n - ring of protection from fire

@: about to teleport, very slightly contaminated, invisible
A: large, unfitting armour, claws 3, fast metabolism 3, gourmand, regeneration
1, shaggy fur 1, tough skin 3
a: Heroism, Finesse, Renounce Religion


You were on level 7 of the Dungeon.
You worshipped Okawaru.
Okawaru was extremely pleased with you.
You were completely stuffed.

You visited 2 branches of the dungeon, and saw 8 of its levels.
You also visited: Ossuary.

You collected 353 gold pieces.

Inventory:

Hand Weapons
 m - the +9 great mace of Pride {venom, rPois Str+3 Int+2}
   (You took it off an ogre on level 4 of the Dungeon)

   It poisons the flesh of those it strikes.
   It affects your strength (+3).
   It affects your intelligence (+2).
   It protects you from poison.
Armour
 a - a +1 robe (worn)
 u - a +0 tower shield of cold resistance (worn)
Jewellery
 f - a ring of protection from magic (left claw)
 n - a ring of protection from fire (right claw)
 w - an amulet of guardian spirit (around neck)
Wands
 j - a wand of enslavement (9)
 s - a wand of polymorph (6)
 t - a wand of disintegration (10)
Scrolls
 c - 3 scrolls of remove curse
 h - 7 scrolls of teleportation
 l - 9 scrolls of identify
 q - a scroll of enchant weapon
 y - a scroll of blinking
Potions
 d - 4 potions of flight
 e - 5 potions of brilliance
 k - 2 potions of haste
 o - 3 potions of magic
Comestibles
 b - 14 rations
 v - 8 chunks of flesh


   Skills:
 + Level 6.1 Fighting
 + Level 5.4 Armour
 + Level 6.1 Dodging
 - Level 1.0 Stealth
 + Level 7.3 Unarmed Combat
 + Level 5.2 Invocations


You had 9 spell levels left.
You didn't know any spells.
Your spell library contained the following spells:

 Spells                   Type           Power        Failure   Level  Hunger
 Animate Skeleton         Necr           N/A          100%        1    ##.....
 Magic Dart               Conj           #...         100%        1    ##.....
 Pain                     Necr           #...         100%        1    ##.....
 Sandblast                Erth           #.....       100%        1    ##.....
 Shock                    Conj/Air       #...         100%        1    ##.....
 Passwall                 Tmut/Erth      #.......     100%        2    ###....
 Searing Ray              Conj           #.....       100%        2    ###....
 Swiftness                Chrm/Air       #.......     100%        2    ###....
 Confusing Touch          Hex            #.......     100%        3    ####...
 Dazzling Flash           Conj/Hex       #.....       100%        3    ####...
 Gell's Gravitas          Tloc           #.........   100%        3    ####...
 Static Discharge         Conj/Air       #.......     100%        3    ####...
 Stone Arrow              Conj/Erth      #.....       100%        3    ####...
 Vampiric Draining        Necr           #.........   100%        3    ####...
 Airstrike                Air            #.........   100%        4    #####..
 Animate Dead             Necr           N/A          100%        4    #####..
 Fulminant Prism          Conj/Hex       #.........   100%        4    #####..
 Iskenderun's Mystic Bla  Conj/Tloc      #.......     100%        4    #####..
 Petrify                  Tmut/Erth      #.......     100%        4    #####..
 Agony                    Necr           #.......     100%        5    ######.
 Lee's Rapid Deconstruct  Erth           #.........   100%        5    ######.
 Lightning Bolt           Conj/Air       #.........   100%        5    ######.
 Metabolic Englaciation   Hex/Ice        #.........   100%        5    ######.
 Yara's Violent Unravell  Hex/Tmut       #.........   100%        5    ######.


Dungeon Overview and Level Annotations

Branches:
Dungeon (7/15)             Temple (1/1) D:5         Ossuary (visited)

Altars:
Ashenzari
Cheibriados
Dithmenos
Elyvilon
Fedhas
Gozag
Hepliaklqana
Makhleb
Nemelex Xobeh
Okawaru
Qazlal
Ru
Trog
Uskayaw
Wu Jian
Xom
Yredelemnul
Zin
The Shining One

Annotations:
D:5 1 runed translucent door


Innate Abilities, Weirdness & Mutations

You are too large for most types of armour.
You have claws for hands.
Your metabolism is lightning-fast.
You like to eat raw meat.
Your natural rate of healing is unusually fast.
You are covered in fur. (AC +1)
You have extremely tough skin. (AC +3)


Message History

* * * LOW HITPOINT WARNING * * *
Okay, then.
You swing at nothing.
Something hits you but does no damage. Something hits you.
* * * LOW HITPOINT WARNING * * *
You closely miss something. Something hits you but does no damage.
You pummel something!!
You feel less wooden.
Your +1 robe unmelds from your body.
Something hits you!
* * * LOW HITPOINT WARNING * * *
Okay, then.
As you read the scroll of teleportation, it crumbles to dust.
You feel strangely unstable. Something hits you.
* * * LOW HITPOINT WARNING * * *
You claw something! Something hits you!
* * * LOW HITPOINT WARNING * * *
Something hits you.
* * * LOW HITPOINT WARNING * * *
Something hits you!
You die...

###### .....# ############
.....# #..........# .....#
#..........# .....#
#......)...# .....##
#..........#
......########..........#
###.............@.......# .#
###........#..........#..#
#.....##.#.............#
#.#..###.#............##
####..#...##..........#....#
.....##.#.###########.......#
###.. ..#..# ...#.....
###.#..###... ##.#.####
......# #.. ...# ....


There were no monsters in sight!

Vanquished Creatures
  The ghost of Peloso the Carver, a novice MiFi of Okawaru (D:7)
  Pikel (D:7)
  The ghost of kitty14015 the Cutter, a novice DsGl of Okawaru (D:4)
  Sigmund (D:2)
  An orc warrior (D:7)
  A hornet zombie (Ossuary)
  3 sky beasts
  A phantom (D:5)
  A centaur (D:7)
  5 ogres
  9 big kobolds (D:7)
  A gnoll sergeant (D:7)
  A scorpion (D:4)
  A howler monkey (D:5)
  5 bullfrog zombies (Ossuary)
  2 orc priests
  2 bullfrog skeletons
  Natasha (thrice) (D:2)
  An iguana (D:4)
  An orc wizard (D:6)
  2 worker ants (D:4)
  A killer bee zombie (Ossuary)
  4 hound zombies
  15 mummies (Ossuary)
  A howler monkey zombie (Ossuary)
  A worker ant zombie (Ossuary)
  8 gnolls (D:7)
  2 adders
  A shadow imp (D:7)
  3 oozes
  5 adder zombies (Ossuary)
  An adder skeleton (D:6)
  4 worms
  2 dart slugs
  3 leopard geckos
  13 orcs
  3 bats
  7 giant cockroaches
  11 goblins
  9 hobgoblins
  6 kobolds
  5 quokkas
  3 frilled lizards
  A leopard gecko skeleton (D:7)
  A leopard gecko zombie (Ossuary)
  2 quokka zombies
  5 rats
161 creatures vanquished.

Vanquished Creatures (others)
  2 slaves (D:7)
  A scorpion (D:7)
  A crimson imp (D:7)
4 creatures vanquished.

Grand Total: 165 creatures vanquished

Notes
Turn   | Place    | Note
-------+----------+-------------------------------------------
     0 | D:1      | RUZZLEFAZAZZLE the Troll Monk began the quest for the Orb.
     0 | D:1      | Reached XP level 1. HP: 22/22 MP: 0/0
    76 | D:1      | Reached XP level 2. HP: 29/29 MP: 1/1
   201 | D:1      | Reached XP level 3. HP: 36/36 MP: 2/2
   393 | D:1      | Reached skill level 1 in Armour
   496 | D:2      | Noticed Sigmund
   507 | D:2      | Killed Sigmund
   507 | D:2      | Reached XP level 4. HP: 19/45 MP: 3/3
   507 | D:2      | Reached XP level 5. HP: 23/53 MP: 4/4
   597 | D:2      | Reached skill level 4 in Unarmed Combat
   602 | D:2      | Noticed Natasha
   612 | D:2      | Killed Natasha
   640 | D:2      | Found a bloodstained altar of Trog.
   724 | D:2      | Noticed Natasha
   737 | D:2      | Killed Natasha
   792 | D:2      | Noticed Natasha
   882 | D:2      | Killed Natasha
   882 | D:2      | Reached XP level 6. HP: 61/61 MP: 5/5
  1215 | D:3      | Found a burning altar of Makhleb.
  1287 | D:3      | Found an iron altar of Okawaru.
  1305 | D:3      | Became a worshipper of Warmaster Okawaru
  1305 | D:3      | Reached * piety under Okawaru
  1305 | D:3      | Reached ** piety under Okawaru
  1462 | D:3      | Found a snail-covered altar of Cheibriados.
  1951 | D:4      | Found a transporter.
  1956 | D:4      | Found a transporter.
  1957 | D:4      | Noticed kitty14015's ghost (novice DsGl)
  1965 | D:4      | Identified the +9 great mace of Pride {venom, rPois Str+3
                  | Int+2}
  2022 | D:4      | Reached skill level 1 in Invocations
  2022 | D:4      | Reached XP level 7. HP: 55/68 MP: 6/6
  2168 | D:4      | Found a basalt altar of Yredelemnul.
  2168 | D:4      | Found an ornate altar of the Wu Jian Council.
  2169 | D:4      | Found a shattered altar of Ashenzari.
  2281 | D:4      | Killed kitty14015's ghost
  2281 | D:4      | Reached *** piety under Okawaru
  2281 | D:4      | Reached skill level 5 in Unarmed Combat
  2418 | D:5      | Entered Level 5 of the Dungeon
  2441 | D:5      | Found a glowing golden altar of the Shining One.
  2498 | D:5      | Reached XP level 8. HP: 43/79 MP: 8/8
  2586 | D:5      | Found a runed translucent door.
  2586 | D:5      | Noticed an angel
  2705 | D:5      | Found a staircase to the Ecumenical Temple.
  2815 | D:5      | Found a sand-covered staircase.
  2823 | Ossuary  | Entered an ossuary
  3077 | Ossuary  | Reached skill level 5 in Fighting
  3077 | Ossuary  | Reached skill level 6 in Unarmed Combat
  3094 | Ossuary  | Reached skill level 5 in Dodging
  3361 | D:5      | Reached **** piety under Okawaru
  3457 | Temple   | Entered the Ecumenical Temple
  3670 | D:6      | Reached XP level 9. HP: 50/88 MP: 10/10
  4097 | D:6      | Found a sparkling altar of Nemelex Xobeh.
  4232 | D:6      | Found a white marble altar of Elyvilon.
  4522 | D:7      | Found a runed translucent gate.
  4523 | D:7      | Found a runed translucent gate.
  4523 | D:7      | Noticed Peloso's ghost (novice MiFi)
  4524 | D:7      | Found a runed translucent gate.
  4599 | D:7      | Killed Peloso's ghost
  4615 | D:7      | Reached skill level 5 in Armour
  4627 | D:7      | Reached skill level 7 in Unarmed Combat
  4741 | D:7      | Noticed Pikel
  4765 | D:7      | Killed Pikel
  4765 | D:7      | Reached ***** piety under Okawaru
  4765 | D:7      | Reached skill level 5 in Invocations
  4895 | D:7      | Reached XP level 10. HP: 98/98 MP: 12/12
  4999 | D:7      | Received a gift from Okawaru
  5273 | D:7      | HP: 4/98 [something (6)]
  5274 | D:7      | Slain by an unseen horror

Illustrated notes

Levels and vault maps discovered:
D:1:      lightli_arrival_flooded_house, layout_rooms
D:2:      layout_basic, lightli_temple_of_fire, uniq_natasha, uniq_sigmund
D:3:      layout_rooms, lemuel_crystal_altar, old_standard_altar,
          lemuel_doored_altar, first_ration, kennysheep_generic_room_7
D:4:      layout_loops_ring, gammafunk_temple_overflow_claw,
          gammafunk_ghost_smash
D:5:      layout_rooms, minmay_temple_entry_waves, chequers_ossuary_entry_cave,
          lemuel_angel_altar
D:6:      layout_basic, nemelex_xobeh_ov_fountains_minmay, elyvilon_altar_1
D:7:      layout_rooms, tso_metal_star, gammafunk_ghost_nasty_kobolds,
          kennysheep_donut, uniq_pikel
Temple:   kb_temple_of_zot

Skill      XL: |  1  2  3  4  5  6  7  8  9 |
---------------+----------------------------+-----
Armour         | 1 2 3 4 5 |  5.4
Fighting       | 3 4 5 6 |  6.1
Dodging        | 3 4 5 6 |  6.1
Unarmed Combat | 4 5 6 7 |  7.3
Invocations    | 1 2 3 5 |  5.2
Stealth        | |  1.0

Action                   |  1- 3 |  4- 6 |  7- 9 | 10-12 || total
-------------------------+-------+-------+-------+-------++-------
Melee: Unarmed           |    65 |   153 |   251 |    36 ||   505
       Punch             |     2 |     3 |     7 |     1 ||    13
Invok: Heroism           |       |       |     4 |     2 ||     6
       Finesse           |       |       |       |     1 ||     1
  Use: Scroll            |       |     8 |     4 |     2 ||    14
       Potion            |       |     6 |     6 |     8 ||    20
 Stab: Sleeping          |     1 |     3 |     2 |       ||     6
       Distracted        |       |       |     3 |       ||     3
       Invisible         |       |       |     8 |       ||     8
  Eat: Chunk             |    10 |    14 |    21 |     9 ||    54
Armor: Robe              |    30 |    45 |    45 |    14 ||   134
       Skin              |       |       |       |    20 ||    20
Dodge: Dodged            |    47 |    78 |   110 |    25 ||   260
